 Dungeon Crawl Stone Soup version 0.23.1-37-gaa34b87 (webtiles) character file.

Game seed: 16010644231680860608

75 dengdeng the Chopper (level 4, -3/40 HPs)
             Began as a Hill Orc Berserker on Mar 25, 2019.
             Was a Believer of Trog.
             Slain by Sigmund
             ... wielding a +0 scythe
              (5 damage)
             ... on level 3 of the Dungeon.
             The game lasted 00:07:07 (1923 turns).

dengdeng the Chopper (Hill Orc Berserker)           Turns: 1923, Time: 00:07:08

Health: -3/40      AC:  0    Str: 20    XL:     4   Next: 31%
Magic:  4/4        EV: 14    Int:  7    God:    Trog [**....]
Gold:   59         SH:  0    Dex: 10    Spells: 3/3 levels left

rFire    . . .     SeeInvis .   (weapon currently unavailable)
rCold    . . .     Gourm    .   (shield currently unavailable)
rNeg     . . .     Faith    .   (armour currently unavailable)
rPois    .         Spirit   .   (helmet currently unavailable)
rElec    .         Reflect  .   (cloak currently unavailable)
rCorr    .         Harm     .   (gloves currently unavailable)
MR       .....                  (boots currently unavailable)
Stlth    +.........             (no amulet)
HPRegen  0.13/turn              (ring currently unavailable)
MPRegen  0.09/turn              (ring currently unavailable)

@: pig-form, berserk cooldown, slowed
A: small
a: Berserk, Trog's Hand, Renounce Religion


You were on level 3 of the Dungeon.
You worshipped Trog.
Trog was pleased with you.
You were very hungry.
You were a filthy swine.
You visited 1 branch of the dungeon, and saw 3 of its levels.

You collected 59 gold pieces.

Inventory:

Hand Weapons
 a - a +0 hand axe (melded)
Missiles
 d - 88 stones (quivered)
Armour
 g - a +0 leather armour (melded)
Jewellery
 h - a +3 ring of protection (melded)
Scrolls
 b - a scroll of random uselessness {unknown}
 e - a scroll of remove curse {unknown}
 i - 3 scrolls of identify {unknown}
 o - a scroll of enchant armour {unknown}
 p - a scroll of amnesia {unknown}
 q - a scroll of enchant weapon {unknown}
Potions
 f - a potion of lignification {unknown}
 j - a potion of resistance {unknown}
 k - a potion of haste {unknown}
 l - a potion of might {unknown}
 m - a potion of brilliance {unknown}
Comestibles
 c - 2 rations


   Skills:
 + Level 4.2 Fighting
 * Level 5.8 Axes
 + Level 2.4 Armour
 + Level 1.8 Dodging


You had 3 spell levels left.
You didn't know any spells.
Your spell library was empty.

Dungeon Overview and Level Annotations

Branches:
Dungeon (3/15)

Altars:
Makhleb

Annotations:
D:3 Sigmund


Message History

Your +3 ring of protection melds into your body.
You hear some strange, mumbled words.
A puff of flame appears from out of thin air!
The puff of flame hits you!
You bump into the rock wall.
You feel less confused.
You hear some strange, mumbled words.
A magic dart appears from out of thin air!
The magic dart hits you! Something barely misses you.
You hit something but do no damage. You hit something. Something hits you.
You miss something.
You hear some strange, mumbled words.
Something tries to affect you, but you resist.
Something hits you!
* * * LOW HITPOINT WARNING * * *
You barely miss something. Something hits you!
* * * LOW HITPOINT WARNING * * *
You closely miss something. Something hits you.
You die...

######...#####
.............#
######...###.#
##.####.#
#......#
#.###..# #.# .##
########.###...#
.......(.h{.>..#
###..####.##...#
# #.# .# #.# #.#
#.# #.# ... #.#


There were no monsters in sight!

Vanquished Creatures
  An adder (D:2)
  A gnoll (D:2)
  An ooze (D:3)
  2 worms (D:3)
  A dart slug (D:1)
  10 bats
  4 giant cockroaches
  4 goblins
  3 hobgoblins
  2 jackals (D:2)
  A quokka (D:2)
  3 frilled lizards (D:2)
  6 kobolds
  6 rats
45 creatures vanquished.

Notes
Turn   | Place    | Note
-------+----------+-------------------------------------------
     0 | D:1      | dengdeng the Hill Orc Berserker began the quest for the
                  | Orb.
     0 | D:1      | Reached XP level 1. HP: 19/19 MP: 1/1
    65 | D:1      | Reached XP level 2. HP: 12/27 MP: 2/2
   402 | D:1      | You fall through a shaft!
   512 | D:2      | Reached XP level 3. HP: 26/33 MP: 3/3
   574 | D:2      | Reached skill level 5 in Axes
  1322 | D:2      | Reached ** piety under Trog
  1447 | D:2      | Reached XP level 4. HP: 40/40 MP: 4/4
  1654 | D:3      | Found a burning altar of Makhleb.
  1907 | D:3      | Noticed Sigmund
  1922 | D:3      | HP: 2/40 [something (9)]
  1923 | D:3      | Slain by Sigmund

Skill      XL: |  1  2  3 |
---------------+----------+-----
Fighting       | 4 |  4.2
Axes           | 5 |  5.8
Armour         | |  2.4
Dodging        | |  1.8

Action                   |  1- 3 |  4- 6 || total
-------------------------+-------+-------++-------
Melee: Hand axe          |   125 |    48 ||   173
       Unarmed           |       |     5 ||     5
Throw: Stone             |     8 |    19 ||    27
Invok: Berserk           |       |     1 ||     1
  Eat: Chunk             |     2 |     1 ||     3
Armor: Animal skin       |    12 |       ||    12
       Leather armour    |    53 |     9 ||    62
Dodge: Dodged            |   107 |    27 ||   134
